 Dungeon Crawl Stone Soup version 0.29-a0-419-g77450f2105 (webtiles) character file.

Game seed: 17345241109330150200

100 KhasaRR the Thaumaturge (level 4, -9/32 HPs)
             Began as a Gnoll Wanderer on May 18, 2022.
             Was a Believer of Wu Jian.
             Engulfed by a cloud of flame (23 damage)
             ... on level 3 of the Dungeon.
             The game lasted 00:11:35 (2849 turns).

KhasaRR the Thaumaturge (Gnoll Wanderer)            Turns: 2849, Time: 00:11:36

Health: -9/32      AC:  7    Str:  9    XL:     4   Next: 74%
Magic:  8/15       EV: 14    Int: 13    God:    Wu Jian [**....]
Gold:   173        SH:  0    Dex: 14    Spells: 11/21 levels left

rFire   . . .      SeeInvis +   w - staff of death
rCold   . . .      Faith    .   (no shield)
rNeg    + . .      Spirit   .   c - +0 robe
rPois   .          Reflect  .   d - +0 helmet
rElec   .          Harm     .   j - +2 cloak
rCorr   .          Rampage  .   s - +0 pair of gloves
Will    .....                   (no boots)
Stlth   ++........              (no amulet)
HPRegen 0.10/turn               i - ring of see invisible
MPRegen 0.14/turn               l - ring of wizardry

@: freezing walls
A: fangs 1, strong nose, distributed training
a: Renounce Religion, Wall Jump


You were on level 3 of the Dungeon.
You worshipped Wu Jian.
Wu Jian was pleased with you.
You visited 1 branch of the dungeon, and saw 3 of its levels.

You collected 173 gold pieces.

Inventory:

Hand Weapons
 a - a +0 dagger
Missiles
 v - 2 throwing nets
Armour
 c - a +0 robe (worn)
 d - a +0 helmet (worn)
 j - a +2 cloak (worn)
 s - a +0 pair of gloves (worn)
Magical Staves
 w - a staff of death (weapon)
Jewellery
 i - a ring of see invisible (left hand)
 l - a ring of wizardry (right hand)
Scrolls
 b - a scroll of blinking
 e - a scroll of identify {unknown}
 g - a scroll of magic mapping {unknown}
 h - 2 scrolls of enchant weapon {unknown}
 k - 3 scrolls of poison {unknown}
 o - 2 scrolls of teleportation {unknown}
 t - a scroll of fear {unknown}
 u - a scroll of vulnerability {unknown}
Potions
 f - 3 potions of curing {unknown}
 m - a potion of haste {unknown}
 n - a potion of attraction {unknown}
 p - a potion of resistance {unknown}
 q - a potion of lignification {unknown}
 r - a potion of heal wounds {unknown}


   Skills:
 + Level 1.2 Fighting
 + Level 1.2 Short Blades
 + Level 1.2 Long Blades
 + Level 1.2 Axes
 + Level 1.2 Maces & Flails
 + Level 1.2 Polearms
 + Level 1.2 Staves
 + Level 1.2 Slings
 + Level 1.2 Bows
 + Level 1.2 Crossbows
 + Level 1.2 Throwing
 + Level 1.2 Armour
 + Level 4.7 Dodging
 + Level 2.6 Stealth
 + Level 1.2 Shields
 + Level 1.2 Unarmed Combat
 + Level 9.3 Spellcasting
 + Level 1.0 Conjurations
 + Level 1.0 Hexes
 + Level 1.0 Summonings
 + Level 1.0 Necromancy
 + Level 1.0 Translocations
 + Level 1.0 Transmutations
 + Level 1.0 Fire Magic
 + Level 3.9 Ice Magic
 + Level 1.0 Air Magic
 + Level 1.0 Earth Magic
 + Level 1.0 Poison Magic
 + Level 1.3 Invocations
 + Level 1.2 Evocations


You had 11 spell levels left.
You knew the following spells:

 Your Spells              Type           Power      Damage    Failure   Level
a - Freeze                Ice            64%        1d8       1%          1
b - Frozen Ramparts       Ice            32%        1d5       3%          3
c - Searing Ray           Conj           16%        2d5       4%          2
d - Slow                  Hex            32%        N/A       3%          1
e - Inner Flame           Hex/Fire       8%         N/A       10%         3

Your spell library contained the following spells:

 Spells                   Type           Power      Damage    Failure   Level
 Magic Dart               Conj           32%        1d4       3%          1
 Shock                    Conj/Air       32%        1d5       3%          1
 Swiftness                Air            8%         N/A       10%         3
 Fulminant Prism          Conj/Hex       4%         3d6       30%         4


Dungeon Overview and Level Annotations

Branches:
Dungeon (3/15)

Altars:
Wu Jian


Innate Abilities, Weirdness & Mutations

You have very sharp teeth.
Your uncanny sense of smell can sniff out nearby items.
Your experience applies equally to all skills.


Message History

The endoplasm hits you but does no damage.
The hobgoblin hits you but does no damage.
Your frozen ramparts will break if you move.
Continue?
Okay, then.
Aiming: Freeze (safe; 1% risk of failure)
Press: ? - help, Q - select action, (/) - cycle Shift-Dir - straight line, f - hobgoblin, p - endoplasm
Aim: a hobgoblin You freeze the hobgoblin.
The hobgoblin is severely wounded.
The wall freezes the hobgoblin.
The hobgoblin barely misses you.
The endoplasm is engulfed in blazing flames.
The Council accepts your kill.
The endoplasm explodes!
The fiery explosion engulfs you!!
Ouch! That really hurt!
The fiery explosion engulfs the hobgoblin!!!
You kill the hobgoblin!
The Council accepts your kill.
The fiery explosion engulfs the hobgoblin!!!
You kill the hobgoblin!
The Council accepts your kill.
The fiery explosion engulfs the hobgoblin!!
You kill the hobgoblin!
The Council accepts your kill.
The fiery explosion engulfs the adder!!
You kill the adder!
The Council accepts your kill.
Your Conjurations skill increases to level 1!
Your Hexes skill increases to level 1!
Your Summonings skill increases to level 1!
Your Necromancy skill increases to level 1!
Your Translocations skill increases to level 1!
Your Transmutations skill increases to level 1!
Your Fire Magic skill increases to level 1!
Your Air Magic skill increases to level 1!
Your Earth Magic skill increases to level 1!
Your Poison Magic skill increases to level 1!
You are engulfed in blazing flames.
Ouch! That really hurt!
You die...

## ∆ ?# .#
###########.#####
#................
#..##...#....####
#.# #...#§§..#
#.###..##@°†.#
#......###§§.S.[.∆
#.....## ...#... ∆
#...### ...#...
#.#### #.S# ..
#....#### ..#
#.......####..
#.........###..
#..........##


You could see an adder and a ball python.

Vanquished Creatures
  3 adders
  A worm (D:3)
  3 dart slugs
  4 orcs (D:3)
  6 ball pythons
  5 endoplasms
  A giant cockroach (D:1)
  5 goblins
  5 hobgoblins
  3 quokkas
  5 bats
  4 frilled lizards
  8 kobolds
  2 rats
55 creatures vanquished.

Vanquished Creatures (others)
  6 demonic plants (D:1)
  A withered plant (D:1)
7 creatures vanquished.

Grand Total: 62 creatures vanquished

Notes
Turn   | Place    | Note
-------+----------+-------------------------------------------
     0 | D:1      | Reached skill level 9 in Spellcasting
     0 | D:1      | KhasaRR the Gnoll Wanderer began the quest for the Orb.
     0 | D:1      | KhasaRR set off with the following items: a +0 dagger, a
                  | scroll of blinking, a +0 robe, a +0 helmet; and the
                  | following spells available to memorise: Freeze, Frozen
                  | Ramparts, Shock, Slow, Inner Flame, Swiftness
     0 | D:1      | Reached XP level 1. HP: 13/13 MP: 10/10
     2 | D:1      | Learned a level 1 spell: Freeze
   321 | D:1      | Reached XP level 2. HP: 19/19 MP: 10/12
   554 | D:1      | Found a faded altar of an unknown god.
   578 | D:1      | Prayed at the altar of an unknown god.
   578 | D:1      | Became a worshipper of the Wu Jian Council
   578 | D:1      | Reached * piety under Wu Jian
   981 | D:1      | Reached XP level 3. HP: 19/25 MP: 11/13
   985 | D:1      | Learned a level 3 spell: Frozen Ramparts
   988 | D:1      | Learned a level 2 spell: Searing Ray
  1541 | D:2      | Reached skill level 1 in Invocations
  1584 | D:2      | Learned a level 1 spell: Slow
  1588 | D:2      | Learned a level 3 spell: Inner Flame
  1763 | D:2      | Reached skill level 1 in Fighting
  1763 | D:2      | Reached skill level 1 in Short Blades
  1763 | D:2      | Reached skill level 1 in Long Blades
  1763 | D:2      | Reached skill level 1 in Axes
  1763 | D:2      | Reached skill level 1 in Maces & Flails
  1763 | D:2      | Reached skill level 1 in Polearms
  1763 | D:2      | Reached skill level 1 in Staves
  1763 | D:2      | Reached skill level 1 in Slings
  1763 | D:2      | Reached skill level 1 in Bows
  1763 | D:2      | Reached skill level 1 in Crossbows
  1763 | D:2      | Reached skill level 1 in Throwing
  1763 | D:2      | Reached skill level 1 in Armour
  1763 | D:2      | Reached skill level 1 in Shields
  1763 | D:2      | Reached skill level 1 in Unarmed Combat
  1763 | D:2      | Reached skill level 1 in Evocations
  2307 | D:3      | Reached XP level 4. HP: 32/32 MP: 8/15
  2703 | D:3      | Reached ** piety under Wu Jian
  2849 | D:3      | Reached skill level 1 in Conjurations
  2849 | D:3      | Reached skill level 1 in Hexes
  2849 | D:3      | Reached skill level 1 in Summonings
  2849 | D:3      | Reached skill level 1 in Necromancy
  2849 | D:3      | Reached skill level 1 in Translocations
  2849 | D:3      | Reached skill level 1 in Transmutations
  2849 | D:3      | Reached skill level 1 in Fire Magic
  2849 | D:3      | Reached skill level 1 in Air Magic
  2849 | D:3      | Reached skill level 1 in Earth Magic
  2849 | D:3      | Reached skill level 1 in Poison Magic
  2849 | D:3      | Engulfed by a cloud of flame

Illustrated notes

Levels and vault maps discovered:
D:1:      dpeg_arrival_orchard, layout_basic, shapermc_ecumenical_altar_gd
D:2:      layout_loops_cross
D:3:      minmay_recursive_quarters, layout_loops_ring, kennysheep_nub

Skill      XL: |  1  2  3  4 |
---------------+-------------+-----
Spellcasting   | |  9.3
Invocations    | 1 |  1.3
Fighting       | 1 |  1.2
Short Blades   | 1 |  1.2
Long Blades    | 1 |  1.2
Axes           | 1 |  1.2
Maces & Flails | 1 |  1.2
Polearms       | 1 |  1.2
Staves         | 1 |  1.2
Slings         | 1 |  1.2
Bows           | 1 |  1.2
Crossbows      | 1 |  1.2
Throwing       | 1 |  1.2
Armour         | 1 |  1.2
Shields        | 1 |  1.2
Unarmed Combat | 1 |  1.2
Evocations     | 1 |  1.2
Conjurations   | 1 |  1.0
Hexes          | 1 |  1.0
Summonings     | 1 |  1.0
Necromancy     | 1 |  1.0
Translocations | 1 |  1.0
Transmutations | 1 |  1.0
Fire Magic     | 1 |  1.0
Air Magic      | 1 |  1.0
Earth Magic    | 1 |  1.0
Poison Magic   | 1 |  1.0
Dodging        | |  4.7
Stealth        | |  2.6
Ice Magic      | |  3.9

Action                   |  1- 3 |  4- 6 || total
-------------------------+-------+-------++-------
Melee: Dagger            |    19 |       ||    19
       Bite              |     1 |       ||     1
       Staff             |       |     5 ||     5
 Cast: Freeze            |    26 |     1 ||    27
       Searing Ray       |    19 |     9 ||    28
       Frozen Ramparts   |       |     3 ||     3
       Inner Flame       |       |     1 ||     1
Invok: Whirlwind         |     8 |     1 ||     9
       Lunge             |     3 |       ||     3
 Stab: Sleeping          |     2 |       ||     2
Armor: Robe              |    10 |     7 ||    17
Dodge: Dodged            |    19 |     8 ||    27

Table legend: (Time is in decaauts)
 A = Elapsed time spent in this place.
 B = Non-inter-level travel time spent in this place.
 C = Inter-level travel time spent in this place.
 D = Time resting spent in this place.
 E = Time spent auto-exploring this place.
 F = Levels seen in this place.
 G = Mean time per level.
                   A        B        C        D        E       F      G
               +--------+--------+--------+--------+--------+-----+--------+
         Total |   2847 |   2728 |    119 |      0 |   2344 |   3 |  949.0 |
       Dungeon |   2847 |   2728 |    119 |      0 |   2344 |   3 |  949.0 |
               +--------+--------+--------+--------+--------+-----+--------+

Top non-repeatable levels by time:
     D:1: 1388 daAuts
     D:2: 792 daAuts
     D:3: 666 daAuts
